 Dungeon Crawl Stone Soup version 0.29-a0-378-gc08b2e8bf8 (webtiles) character file.

Game seed: 5830447482584544414

256 Agony the Covered (level 5, -1/47 HPs)
             Began as a Minotaur Fighter on May 5, 2022.
             Killed by nerve-wracking pain
             ... invoked by an orc priest
              (7 damage)
             ... on level 3 of the Dungeon.
             The game lasted 00:06:32 (2611 turns).

Agony the Covered (Minotaur Fighter)                Turns: 2611, Time: 00:06:33

Health: -1/47      AC:  9    Str: 22    XL:     5   Next: 92%
Magic:  4/4        EV: 10    Int:  5    God:
Gold:   136        SH:  4    Dex: 10    Spells: 4/4 levels left

rFire   . . .      SeeInvis .   r - +0 flail (venom)
rCold   . . .      Faith    .   c - +0 buckler
rNeg    . . .      Spirit   .   b - +0 scale mail
rPois   .          Reflect  .   (helmet restricted)
rElec   .          Harm     .   (no cloak)
rCorr   .          Rampage  .   q - +1 pair of gloves
Will    .....                   (no boots)
Stlth   ..........              j - amulet of regeneration
HPRegen 0.95/turn               (no ring)
MPRegen 0.09/turn               (no ring)

@: no status effects
A: horns 2, retaliatory headbutt
a: no special abilities


You were on level 3 of the Dungeon.
You visited 1 branch of the dungeon, and saw 3 of its levels.

You collected 136 gold pieces.

Inventory:

Hand Weapons
 r - a +0 flail of venom (weapon)
Missiles
 i - 4 javelins (quivered)
 p - 2 throwing nets
Armour
 b - a +0 scale mail (worn)
 c - a +0 buckler (worn)
 q - a +1 pair of gloves (worn)
Jewellery
 j - an amulet of regeneration (around neck)
Scrolls
 a - 2 scrolls of fog {unknown}
 f - a scroll of enchant weapon {unknown}
 g - a scroll of noise {unknown}
 h - a scroll of magic mapping {unknown}
 k - a scroll of fear
 l - a scroll of poison {unknown}
 m - a scroll of identify
 o - a scroll of blinking {unknown}
Potions
 d - a potion of might
 e - a potion of curing
 n - a potion of lignification
 s - a potion of degeneration {unknown}
 t - a potion of magic {unknown}


   Skills:
 + Level 4.9 Fighting
 - Level 3.5 Maces & Flails
 + Level 1.3 Crossbows
 + Level 4.9 Armour
 + Level 2.4 Dodging
 + Level 4.7 Shields


You had 4 spell levels left.
You didn't know any spells.
Your spell library contained the following spells:

 Spells                   Type           Power      Damage    Failure   Level
 Foxfire                  Conj/Fire      0%         2x1d4     86%         1
 Freeze                   Ice            0%         1d3       86%         1
 Conjure Flame            Conj/Fire      0%         6-21      99%         3
 Frozen Ramparts          Ice            0%         1d2       99%         3
 Inner Flame              Hex/Fire       0%         N/A       99%         3
 Flame Wave               Conj/Fire      0%         2d4       100%        4
 Hailstorm                Conj/Ice       0%         3d3       100%        4


Dungeon Overview and Level Annotations

Branches:
Dungeon (3/15)

Altars:

Shops:
D:3 (!


Innate Abilities, Weirdness & Mutations

You have a pair of horns on your head.
You reflexively headbutt those who attack you in melee.


Message History

You miss the orc wizard. Your headbutt misses the orc wizard.
The orc wizard is severely wounded.
The orc priest invokes the aid of Beogh against you.
Beogh smites you!
The orc wizard hits you but does no damage.
You bump into the rock wall.
The orc wizard closely misses you.
You bump into the rock wall.
The orc wizard casts a spell at you. You resist with some effort.
You bump into the rock wall.
The orc priest calls down the wrath of Beogh upon you.
Beogh smites you!
The orc wizard hits you with a +0 dagger.
You bump into the rock wall.
You feel less confused. You block the orc wizard's attack.
You hit the orc wizard.
The orc wizard is almost dead.
You block the orc wizard's attack.
You closely miss the orc wizard. Your headbutt misses the orc wizard.
The orc wizard is almost dead.
The orc wizard hits you with a +0 dagger.
The orc wizard hits you but does no damage.
You barely miss the orc wizard. Your headbutt misses the orc wizard.
The orc wizard is almost dead.
The orc wizard points at you and mumbles some strange words.
The puff of flame hits you!
You hit the orc wizard.
You kill the orc wizard!
You barely miss the orc priest. You headbutt the orc priest!
The orc priest is heavily wounded.
The orc priest mumbles some strange prayers to Beogh against you.
Pain shoots through your body!
* * * LOW HITPOINT WARNING * * *
You hit the orc priest but do no damage.
The orc priest is heavily wounded.
The orc priest closely misses you.
The orc priest mumbles some strange prayers to Beogh against you.
Pain shoots through your body!
You die...

#.#....# ###..........#...#.##
#.###### #.......#........##
#.############.o.....###########
#......))....'.......# #......
##############.....>.# #.#####
#.........# #.#.... #.#.......#
#.#.### #.####)'#######.#.# #
#.'.@o..∩..'.##.#.# #
######''####.<#.#.# # #..#
#.###.#.### #### #.....#....
########### # # # #


You could see an orc priest.

Vanquished Creatures
  An orc priest (D:3)
  Jessica (D:3)
  3 orc wizards (D:3)
  Robin (D:2)
  4 gnolls
  2 adders (D:2)
  A worm (D:3)
  2 dart slugs (D:3)
  4 orcs (D:3)
  5 ball pythons (D:1)
  2 endoplasms (D:2)
  3 giant cockroaches
  15 goblins
  14 hobgoblins
  4 kobolds
  A quokka (D:1)
  4 bats
  5 frilled lizards
  6 rats
78 creatures vanquished.

Vanquished Creatures (others)
  2 fungi (D:2)
2 creatures vanquished.

Grand Total: 80 creatures vanquished

Notes
Turn   | Place    | Note
-------+----------+-------------------------------------------
     0 | D:1      | Agony the Minotaur Fighter began the quest for the Orb.
     0 | D:1      | Reached XP level 1. HP: 19/19 MP: 0/0
   186 | D:1      | Reached XP level 2. HP: 25/27 MP: 1/1
   716 | D:1      | Reached skill level 1 in Dodging
   716 | D:1      | Reached XP level 3. HP: 20/33 MP: 2/2
  1504 | D:2      | Noticed Robin
  1523 | D:2      | Reached XP level 4. HP: 10/40 MP: 3/3
  1526 | D:2      | Killed Robin
  1775 | D:2      | Found a faded altar of an unknown god.
  2310 | D:3      | Found Sash's Antique Weapon Emporium.
  2332 | D:3      | Found Eghih's Armour Shop.
  2341 | D:3      | Reached XP level 5. HP: 46/47 MP: 4/4
  2379 | D:3      | Found Fonkas's Distillery.
  2513 | D:3      | Noticed Jessica
  2518 | D:3      | Killed Jessica
  2519 | D:3      | Reached skill level 1 in Crossbows
  2611 | D:3      | Killed from afar by an orc priest

Illustrated notes

Levels and vault maps discovered:
D:1:      dpeg_arrival_subterranean_lakeside_camping, layout_loops_corners
D:2:      layout_basic, shapermc_ecumenical_altar_mp_ritualfount,
          grunt_ministairs_12, columned_hall_lemuel, uniq_robin
D:3:      layout_basic, serial_shops, nicolae_shop_overgrown_old_shop,
          nicolae_shop_hallway_stairs, nicolae_shop_behind_doors, shop,
          nicolae_shop_advertising_works [nicolae_subvault_shop_adworks],
          uniq_jessica

Skill      XL: |  1  2  3  4  5 |
---------------+----------------+-----
Fighting       | 4 |  4.9
Maces & Flails | 3 |  3.5
Armour         | 4 |  4.9
Dodging        | 1 2 |  2.4
Shields        | 4 |  4.7
Crossbows      | 1 |  1.3

Action                   |  1- 3 |  4- 6 || total
-------------------------+-------+-------++-------
Melee: Flail             |    94 |    72 ||   166
       Headbutt          |    15 |    11 ||    26
  Use: Potion            |     1 |       ||     1
       Scroll            |       |     3 ||     3
Armor: Scale mail        |    48 |    35 ||    83
Dodge: Dodged            |    54 |    18 ||    72
Block: Buckler           |    21 |    13 ||    34

Table legend: (Time is in decaauts)
 A = Elapsed time spent in this place.
 B = Non-inter-level travel time spent in this place.
 C = Inter-level travel time spent in this place.
 D = Time resting spent in this place.
 E = Time spent auto-exploring this place.
 F = Levels seen in this place.
 G = Mean time per level.
                   A        B        C        D        E       F      G
               +--------+--------+--------+--------+--------+-----+--------+
         Total |   2658 |   2597 |     61 |    145 |   1939 |   3 |  886.0 |
       Dungeon |   2658 |   2597 |     61 |    145 |   1939 |   3 |  886.0 |
               +--------+--------+--------+--------+--------+-----+--------+

Top non-repeatable levels by time:
     D:1: 1382 daAuts
     D:2: 962 daAuts
     D:3: 313 daAuts
